AoeStats
← thomas89671173

Arena

507966102Analyzed
1v1 RM · 12d ago on Sep 20, 2026· 34m 55s· 2 players
Game mode
Random Map
Map size
Tiny (2 player)
Population
200
Speed
Normal
Resources
Standard
Victory
Conquest
Starting age
Dark Age
Ending age
Imperial Age
RankedLock teamsTeams togetherTeam positionsShared explorationLock speedFull tech treeHidden civsTurbo modeCheats
Victory
Defeat
🇨🇳 Spanish · China
1318
+14
🇹🇼 Wu · Taiwan
1279
-14
thomas89671173
11:11 Feudal Age
12:26 Loom
12:38 Loom
15:02 Castle Age
14:25 Double-Bit Axe
14:21 Horse Collar
16:28 Bow Saw
20:38 Fletching
24:51 Bodkin Arrow
27:23 Wheelbarrow
27:28 Padded Archer Armor
31:02 Red Cliffs Tactics
31:30 Ballistics
35:39 Imperial Age
34:09 Elite Skirmisher
TheSavage
10:04 Feudal Age
8:52 Loom
14:13 Castle Age
16:00 Padded Archer Armor
21:10 Leather Archer Armor
29:24 Imperial Age
27:00 Fletching
27:37 Double-Bit Axe
27:47 Horse Collar
28:53 Bodkin Arrow
29:53 Bloodlines
30:57 Husbandry
31:47 Ring Archer Armor
32:14 Bracer
33:36 Scale Barding Armor
Connection lost

Rejoining the realm…

Still unreachable

The connection could not be restored.

Session expired

The server has moved on; the page needs a fresh start.